 Dungeon Crawl Stone Soup version 0.30-a0-1157-g2cc9ac7196 (webtiles) character file.

Game seed: 12044410795812877208

65 ragingrage the Digger (level 4, -12/33 HPs)
             Began as a Meteoran Earth Elementalist on Apr 24, 2023.
             Mangled by an ogre
             ... wielding a +0 giant club
              (29 damage)
             ... on level 5 of the Dungeon.
             The game lasted 00:02:25 (534 turns).

ragingrage the Digger (Meteoran Earth Elementalist)  Turns: 534, Time: 00:02:25

Health: -12/33     AC:  6    Str: 10    XL:     4   Next: 60%
Magic:  5/11       EV: 10    Int: 18    God:
Gold:   82         SH:  0    Dex: 14    Spells: 3/11 levels left

rFire   . . .        i - +1 dagger (freeze)
rCold   . . .        (no shield)
rNeg    . . .        q - +0 ring mail
rPois   .            l - +0 helmet
rElec   .            (no cloak)
rCorr   .            (no gloves)
SInv    .            (no boots)
Will    .....        (no amulet)
Stlth   +            (no ring)
HPRegen 0.25/turn    (no ring)
MPRegen 0.12/turn

%: no passive effects
@: very slightly contaminated, glowing
A: sense surroundings 1, otherworldly, glowing, explore regen
a: no special abilities


You were on level 5 of the Dungeon.
You visited 1 branch of the dungeon, and saw 5 of its levels.

You collected 82 gold pieces.

Inventory:

Hand Weapons
 d - a +0 dagger
 i - a +1 dagger of freezing (weapon)
Armour
 l - a +0 helmet (worn)
 q - a +0 ring mail (worn)
Scrolls
 c - 3 scrolls of acquirement {unknown}
 g - 2 scrolls of identify {unknown}
 h - a scroll of magic mapping {unknown}
 m - a scroll of butterflies {unknown}
 n - a scroll of amnesia {unknown}
 p - a scroll of enchant weapon {unknown}
Potions
 b - a potion of magic
 e - 2 potions of lignification {unknown}
 f - 2 potions of brilliance {unknown}
 j - a potion of ambrosia {unknown}
 k - a potion of degeneration {unknown}
 o - 2 potions of haste {unknown}


   Skills:
 - Level 2.4 Dodging
 - Level 1.4 Stealth
 - Level 4.0 Spellcasting
 + Level 2.1 Transmutations
 + Level 4.7 Earth Magic


You had 3 spell levels left.
You knew the following spells:

 Your Spells              Type           Power      Damage    Failure   Level
a - Sandblast             Erth           40%        2d10      5%          1
b - Passwall              Tmut/Erth      12%        N/A       14%         2
c - Stone Arrow           Conj/Erth      24%        3d8       41%         3
d - Wereblood             Tmut           11%        N/A       24%         2

Your spell library contained the following spells:

 Spells                   Type           Power      Damage    Failure   Level
 Beastly Appendage        Tmut           22%        N/A       16%         1
 Spider Form              Tmut/Pois      7%         N/A       58%         3
 Petrify                  Tmut/Erth      15%        N/A       67%         4


Dungeon Overview and Level Annotations

Branches:
Dungeon (5/15) Zot: 2444
 Temple: D:4-7

Altars:


Innate Abilities, Weirdness & Mutations

You passively map a small area around you.
You are easily found by Zot.
You glow in the dark.
You regain HP and MP as you explore.


Message History

The blast of sand hits the gnoll!
A gnoll comes into view. It is wielding a +0 spear.
The gnoll hits you but does no damage. The gnoll barely misses you.
The gnoll attacks as you move away! The gnoll hits you with a +0 club.
The gnoll attacks as you move away! The gnoll hits you with a +0 club.
The gnoll attacks as you move away! The gnoll barely misses you.
There is a stone staircase leading down here.
The gnoll hits you with a +0 club.
You climb downwards.
The ogre shouts!
You hear a bark!
There is a stone staircase leading up here.
The blast of sand hits the gnoll.
The gnoll hits you with a +0 club.
The blast of sand hits the gnoll!
The gnoll hits you with a +0 club. The gnoll barely misses you.
Aiming: Sandblast (safe; 6% risk of failure)
Aim: a gnoll, wielding a +0 club (almost dead, 85% to hit)
The blast of sand hits the gnoll!
You kill the gnoll!
Training target 4.0 for Spellcasting reached!
Your Spellcasting skill increases to level 4!
Your Transmutations skill increases to level 2!
Casting: Sandblast (safe; 5% risk of failure)
The spell is extremely dangerous to miscast (41% risk of failure)!
Continue anyway?
Okay, then.
Unknown command.
Aiming: Sandblast (safe; 5% risk of failure)
Aim: an ogre, wielding a +0 giant club (92% to hit)
The blast of sand hits the ogre.
Aiming: Sandblast (safe; 5% risk of failure)
Aim: an ogre, wielding a +0 giant club (lightly wounded, 92% to hit)
The blast of sand hits the ogre!
The ogre hits you with a +0 giant club!
Aiming: Sandblast (safe; 5% risk of failure)
Aim: an ogre, wielding a +0 giant club (severely wounded, 92% to hit)
You miscast Sandblast.
You are very lightly contaminated with residual magic.
Nothing appears to happen.
The ogre hits you with a +0 giant club!!
Ouch! That really hurt!
You die...

, , , ####
######* , ,
.$.. ..#.. *
, ,
.....,#.#.##
#. , ...
.....,...,>
...#...*...
, #.#.. .. ,
#.O)#.# ,, *
, , #@..# ,
* , #...# *
, , ,##+## ,
* * ,*, , ~
* , , , * ,*
, , * * , *
, * , ,


You could see an ogre.

Vanquished Creatures
  A gnoll (D:5)
  3 adders
  A worm (D:3)
  A ball python (D:2)
  2 bats (D:1)
  An endoplasm (D:1)
  2 giant cockroaches
  3 hobgoblins (D:2)
  3 kobolds
  A quokka (D:2)
  2 frilled lizards
  A goblin (D:2)
  4 rats
25 creatures vanquished.

Notes
Turn   | Place    | Note
-------+----------+-------------------------------------------
     0 | D:1      | ragingrage the Meteoran Earth Elementalist began the quest
                  | for the Orb.
     0 | D:1      | Reached XP level 1. HP: 14/14 MP: 5/5
    44 | D:2      | Reached XP level 2. HP: 20/20 MP: 2/7
    93 | D:2      | Reached XP level 3. HP: 24/26 MP: 5/8
   223 | D:2      | Learned a level 2 spell: Passwall
   227 | D:2      | Learned a level 3 spell: Stone Arrow
   232 | D:2      | Learned a level 2 spell: Wereblood
   293 | D:3      | Reached XP level 4. HP: 33/33 MP: 8/10
   518 | D:4      | Noticed an ogre
   528 | D:5      | Entered Level 5 of the Dungeon
   528 | D:5      | Noticed an ogre
   534 | D:5      | Mangled by an ogre

Illustrated notes

Levels and vault maps discovered:
D:1:      minmay_arrival_split_and_join, layout_basic,
          ebering_ecumenical_altar_hall
D:2:      layout_rooms, minmay_cut_off
D:3:      layout_loops_ring
D:4:      layout_basic, fedhas_altar_fruit_tree, uniq_ijyb, uniq_pikel
D:5:      nicolae_cairo_tiling_large, layout_basic, mainiacjoe_overflow_paths,
          general_overflow_altar, uniq_duvessa, uniq_blork_the_orc

Skill      XL: |  1  2  3  4 |
---------------+-------------+-----
Spellcasting   | 3 4 |  4.0
Earth Magic    | 4 |  4.7
Transmutations | 2 |  2.1
Dodging        | |  2.4
Stealth        | |  1.4

Action                     |  1- 3 |  4- 6 || total
---------------------------+-------+-------++-------
  Melee: Dagger            |     2 |     1 ||     3
   Cast: Sandblast         |    30 |    12 ||    42
 Armour: Robe              |     6 |     2 ||     8
         Ring mail         |       |     1 ||     1
  Dodge: Dodged            |     8 |     4 ||    12

Table legend: (Time is in decaauts)
 A = Elapsed time spent in this place.
 B = Non-inter-level travel time spent in this place.
 C = Inter-level travel time spent in this place.
 D = Time resting spent in this place.
 E = Time spent auto-exploring this place.
 F = Levels seen in this place.
 G = Mean time per level.
                   A        B        C        D        E       F      G
               +--------+--------+--------+--------+--------+-----+--------+
         Total |    555 |    489 |     66 |      0 |      7 |   5 |  111.0 |
       Dungeon |    555 |    489 |     66 |      0 |      7 |   5 |  111.0 |
               +--------+--------+--------+--------+--------+-----+--------+

Top non-repeatable levels by time:
     D:2: 301 daAuts
     D:1: 111 daAuts
     D:3: 67 daAuts
     D:4: 66 daAuts
     D:5: 8 daAuts
